 Dungeon Crawl Stone Soup version 0.19.0-19-g8c6edcc (webtiles) character file.

686 Minion the Sneak (level 7, -6/45 HPs)
             Began as an Octopode Assassin on Nov 15, 2016.
             Was a Follower of Uskayaw.
             Mangled by Prince Ribbit (15 damage)
             ... on level 5 of the Dungeon.
             The game lasted 00:08:53 (3949 turns).

Minion the Sneak (Octopode Assassin)                Turns: 3949, Time: 00:08:54

Health: -6/45      AC:  1    Str: 11    XL:     7   Next: 62%
Magic:  7/7        EV: 15    Int: 13    God:    Uskayaw [*.....]
Gold:   259        SH:  7    Dex: 15    Spells: 0 memorised, 6 levels left

rFire  . . .     SeeInvis +     a - +2 dagger
rCold  . . .     Gourm    .     s - +2 buckler
rNeg   . . .     Faith    .     (helmet restricted)
rPois  .         Spirit   .     x - amulet of harm
rElec  .         Reflect  .     l - ring of see invisible
rCorr  .         Harm     +     (no ring)
MR     .....                    (no ring)
Stlth  +++++.....               (no ring)
                                (no ring)
                                (no ring)
                                (no ring)
                                (no ring)

@: no status effects
A: almost no armour, stealthy swim, amphibious, 8 rings, constrict 8, camouflage
1, gelatinous body 1
a: Stomp, Renounce Religion


You were on level 5 of the Dungeon.
You worshipped Uskayaw.
Uskayaw was noncommittal.
You were not hungry.

You visited 2 branches of the dungeon, and saw 6 of its levels.

You collected 259 gold pieces.

Inventory:

Hand Weapons
 a - a +2 dagger (weapon)
 b - a +0 blowgun
Missiles
 c - 8 poisoned needles
 d - 2 curare-tipped needles
Armour
 s - a +2 buckler (worn)
Jewellery
 l - a ring of see invisible (left tentacle)
 x - an amulet of harm (around mantle)
Wands
 w - a wand of flame (28/48)
Scrolls
 e - 2 scrolls of teleportation {unknown}
 i - 2 scrolls of enchant armour {unknown}
 j - 2 scrolls of enchant weapon {unknown}
 k - a scroll of immolation {unknown}
 o - a scroll of fear {unknown}
 q - 6 scrolls of identify {unknown}
 u - 3 scrolls of blinking {unknown}
 y - a scroll of remove curse {unknown}
Potions
 g - 2 potions of ambrosia {unknown}
 h - a potion of magic {unknown}
 m - a potion of agility {unknown}
 n - 2 potions of degeneration {unknown}
 p - a potion of resistance {unknown}
 r - 3 potions of haste {unknown}
 A - a potion of brilliance {unknown}
 B - a potion of flight {unknown}
 D - a potion of curing {unknown}
 E - a potion of invisibility {unknown}
Books
 F - a book of Cantrips

   Spells                             Type                      Level
   a - Confusing Touch                Hexes                        1
   b - Animate Skeleton               Necromancy                   1
   c - Summon Small Mammal            Summoning                    1
   d - Apportation                    Translocation                1
Comestibles
 f - 4 bread rations
 v - 3 beef jerkies
 z - a meat ration
 C - 3 fruits


   Skills:
 - Level 2.0 Fighting
 + Level 4.6 Short Blades
 - Level 2.0 Throwing
 + Level 4.3 Dodging
 + Level 7.9 Stealth
 + Level 3.1 Shields


You had 6 spell levels left.
You didn't know any spells.

Dungeon Overview and Level Annotations

Branches:
Dungeon (5/15)             Temple (1/1) D:4

Altars:
Ashenzari
Cheibriados
Elyvilon
Fedhas
Gozag
Hepliaklqana
Kikubaaqudgha
Nemelex Xobeh
Okawaru
Qazlal
Ru
Sif Muna
Uskayaw
Vehumet
Xom
Yredelemnul
Zin
The Shining One

Annotations:
D:5 Prince Ribbit


Innate Abilities, Weirdness & Mutations

You cannot wear most types of armour.
You are very stealthy in the water. (Stealth+)
You are amphibious.
You can wear up to eight rings at the same time.
You can use your tentacles to constrict eight enemies at once.
Your skin changes colour to match your surroundings (Stealth+).
Your rubbery body absorbs attacks. (AC +1, EV +1)


Message History

Prince Ribbit appears from thin air!
You see here a scroll labeled CYGUZE FUFIFEA.
Prince Ribbit hits you!! You block Prince Ribbit's attack.
You miss Prince Ribbit. Your grab misses Prince Ribbit. Prince Ribbit hits you.
You hit Prince Ribbit. Your grab misses Prince Ribbit.
Prince Ribbit is lightly wounded.
You block Prince Ribbit's attack.
You hit Prince Ribbit. You grab Prince Ribbit.
Prince Ribbit is moderately wounded.
You constrict Prince Ribbit. Prince Ribbit hits you!
* * * LOW HITPOINT WARNING * * *
You are too injured to fight recklessly!
You barely miss Prince Ribbit.
Prince Ribbit is moderately wounded.
You constrict Prince Ribbit. Prince Ribbit hits you.
* * * LOW HITPOINT WARNING * * *
You hit Prince Ribbit.
Prince Ribbit is moderately wounded.
You constrict Prince Ribbit. Prince Ribbit hits you!
You die...

.#.# #.#..##'## #.##.# .#.#
#.##.##.# #.##.# .#.#
#.##.##.# #.##.# .#.#
#.##..#.# #.##.# .#.# #.#
#.#.# #.##.# .#.# #.# #...#
#.# .# .#.#####
#.####..###### #.#
.......####.##..?>...... #.#
............##..@#######.#.#
............##..F# #.#.#
............##...# #.#.#
............##...# ##<#.##
............##...# #.....#
##.####....###...# #.....#
##.# #....# ##### #.....#
.#.# #....# #.....# .#.#
#....# #.....#


You could see Prince Ribbit.

Vanquished Creatures
  Menkaure (D:4)
  Edmund (D:4)
  Blork the orc (D:5)
  A crimson imp (D:5)
  A centaur skeleton (D:5)
  2 hounds (D:5)
  Crazy Yiuf (D:4)
  A worker ant (D:4)
  2 hound skeletons
  9 adders
  An ooze (D:3)
  A worm (D:2)
  5 dart slugs
  3 leopard geckos (D:3)
  2 orcs (D:5)
  8 giant cockroaches
  11 goblins
  9 hobgoblins
  3 jackals (D:5)
  3 quokkas
  6 bats
  5 frilled lizards
  5 kobolds
  A quokka skeleton (D:4)
  10 rats
93 creatures vanquished.

Notes
Turn   | Place    | Note
-------+----------+-------------------------------------------
     0 | D:1      | Minion the Octopode Assassin began the quest for the Orb.
     0 | D:1      | Reached XP level 1. HP: 14/14 MP: 1/1
   111 | D:1      | Reached XP level 2. HP: 8/19 MP: 2/2
   724 | D:2      | Reached XP level 3. HP: 14/24 MP: 3/3
   987 | D:2      | Reached skill level 6 in Stealth
  1215 | D:2      | Reached XP level 4. HP: 22/29 MP: 4/4
  2140 | D:3      | Reached XP level 5. HP: 26/34 MP: 5/5
  2580 | D:4      | Noticed Menkaure
  2638 | D:4      | Reached skill level 1 in Shields
  2806 | D:4      | Killed Menkaure
  2806 | D:4      | Reached XP level 6. HP: 39/39 MP: 6/6
  2810 | D:4      | Reached skill level 7 in Stealth
  2972 | D:4      | Found a staircase to the Ecumenical Temple.
  2978 | D:4      | Noticed Edmund
  2980 | Temple   | Entered the Ecumenical Temple
  3074 | Temple   | Became a worshipper of Uskayaw the Reveler
  3097 | D:4      | Killed Edmund
  3097 | D:4      | Reached XP level 7. HP: 45/45 MP: 7/7
  3097 | D:4      | Reached * piety under Uskayaw
  3113 | D:4      | Found a runed door.
  3219 | D:4      | Noticed Crazy Yiuf
  3223 | D:4      | Killed Crazy Yiuf
  3274 | D:5      | Entered Level 5 of the Dungeon
  3283 | D:5      | Reached ** piety under Uskayaw
  3516 | D:5      | Noticed Blork the orc
  3523 | D:5      | Killed Blork the orc
  3526 | D:5      | Reached *** piety under Uskayaw
  3942 | D:5      | Noticed Prince Ribbit
  3949 | D:5      | Mangled by Prince Ribbit

Skill      XL: |  1  2  3  4  5  6  7 |
---------------+----------------------+-----
Dodging        | 2 3 4 |  4.3
Stealth        | 6 7 |  7.9
Short Blades   | 3 4 |  4.6
Shields        | 1 2 3 |  3.1
Fighting       | |  2.0
Throwing       | |  2.0

Action                   |  1- 3 |  4- 6 |  7- 9 || total
-------------------------+-------+-------+-------++-------
Melee: Dagger            |    60 |    93 |    35 ||   188
       Constrict         |    16 |    22 |     9 ||    47
       Tentacles         |    11 |    18 |     9 ||    38
 Stab: Sleeping          |    10 |    20 |     3 ||    33
       Paralysed         |       |       |     1 ||     1
  Eat: Chunk             |     1 |     6 |     2 ||     9
Armor: Skin              |     1 |     4 |     1 ||     6
Dodge: Dodged            |    11 |    34 |    13 ||    58
Block: Buckler           |       |    10 |     7 ||    17
